 Dungeon Crawl Stone Soup version 0.18-a0-750-g37044d6 (webtiles) character file.

111 tof the Conjurer (level 4, -5/27 HPs)
             Began as a High Elf Conjurer on Dec 12, 2015.
             Slain by ThereIsNoGod's ghost (10 damage)
             ... on level 3 of the Dungeon.
             The game lasted 00:17:56 (3025 turns).

tof the Conjurer (High Elf Conjurer)                Turns: 3025, Time: 00:17:57

Health: -5/27      AC:  7    Str:  7    XL:     4   Next: 62%
Magic:  0/10       EV:  8    Int: 19    God:
Gold:   38         SH:  0    Dex: 16    Spells: 3 memorised, 4 levels left

rFire  . . .     SeeInvis .     d - +0 short sword
rCold  . . .     Clarity  .     g - +2 animal skin
rNeg   . . .     SustAt   +     (no shield)
rPois  .         Gourm    .     l - +2 helmet
rElec  .         Spirit   +     (no cloak)
rCorr  .         Dismiss  .     (no gloves)
rMut   .         Stasis   .     (no boots)
MR     .....                    h - amulet of guardian spirit (curse)
Stlth  +++.......               (no ring)
                                j - ring of sustain attributes

@: not resistant to hostile enchantments, fairly stealthy
A: no striking features
a: no special abilities


You were on level 3 of the Dungeon.
You were not hungry.

You visited 1 branch of the dungeon, and saw 3 of its levels.

You collected 38 gold pieces.

Inventory:

Hand Weapons
 d - a +0 short sword (weapon)
Armour
 a - a +0 robe
 g - a +2 animal skin (worn)
 l - a +2 helmet (worn)
Jewellery
 h - a cursed amulet of guardian spirit (around neck)
 j - a ring of sustain attributes (left hand)
Scrolls
 f - a scroll of recharging {unknown}
 i - 2 scrolls of identify
 k - a scroll of enchant weapon {unknown}
Potions
 e - a potion of brilliance
Books
 b - a book of Conjurations

   Spells                             Type                      Level
   a - Magic Dart                     Conjuration                  1
   b - Searing Ray                    Conjuration                  2
   c - Dazzling Spray                 Conjuration/Hexes            3
   d - Fulminant Prism                Conjuration/Hexes            4
   e - Iskenderun's Mystic Blast      Conjuration                  4
   f - Iskenderun's Battlesphere      Conjuration/Charms           5
Comestibles
 c - 4 bread rations


   Skills:
 + Level 0.6 Fighting
 * Level 1.9 Short Blades
 - Level 2.2 Dodging
 * Level 3.6 Stealth
 * Level 3.5 Spellcasting
 + Level 4.9 Conjurations


You had 4 spell levels left.
You knew the following spells:

 Your Spells              Type           Power        Failure   Level  Hunger
a - Magic Dart            Conj           ###.         1%          1    None
b - Searing Ray           Conj           ###...       3%          2    ##.....
c - Dazzling Spray        Conj/Hex       ##......     17%         3    ###....


Dungeon Overview and Level Annotations

Branches:
Dungeon (3/15)

Altars:

Annotations:
D:3 ThereIsNoGod's ghost, weakling MiFi


Message History

ThereIsNoGod's ghost hits you.
Casting: Magic Dart
Confirm with . or Enter, or press ? or * to list all spells.
Aiming: Magic Dart
Press: ? - help, Shift-Dir - straight line, f/p - ThereIsNoGod's ghost
Aim: ThereIsNoGod's ghost The magic dart hits ThereIsNoGod's ghost.
ThereIsNoGod's ghost is lightly damaged.
ThereIsNoGod's ghost hits you!
Casting: Magic Dart
Confirm with . or Enter, or press ? or * to list all spells.
Aiming: Magic Dart
Press: ? - help, Shift-Dir - straight line, f/p - ThereIsNoGod's ghost
Aim: ThereIsNoGod's ghost (lightly damaged)
The magic dart hits ThereIsNoGod's ghost.
ThereIsNoGod's ghost is lightly damaged.
ThereIsNoGod's ghost hits you!
* * * LOW HITPOINT WARNING * * *
ThereIsNoGod's ghost hits you!
You die...

#.# ### . #.# ..
.. #.#.K#
...##########.#..#
...s8...8........#
....8.8)8.8.#.##.#
....8.8.8.8.#.##.#
......8...8..@W..#
...##########..###
. ##.# .# .# .# .#
.#


You could see ThereIsNoGod's ghost.

Vanquished Creatures
  Robin (D:2)
  3 adders (D:2)
  An ooze (D:2)
  3 worms (D:2)
  A giant gecko (D:2)
  4 giant cockroaches
  12 goblins
  9 hobgoblins
  2 jackals (D:2)
  2 quokkas (D:2)
  2 bats
  11 giant newts
  8 kobolds
  6 rats
65 creatures vanquished.

Notes
Turn   | Place    | Note
--------------------------------------------------------------
     0 | D:1      | tof the High Elf Conjurer began the quest for the Orb.
     0 | D:1      | Reached XP level 1. HP: 11/11 MP: 4/4
   315 | D:1      | Reached XP level 2. HP: 9/17 MP: 3/6
   469 | D:1      | Learned a level 2 spell: Searing Ray
   817 | D:1      | Reached skill level 1 in Short Blades
  1120 | D:2      | Reached XP level 3. HP: 21/21 MP: 8/8
  1487 | D:2      | Reached XP level 4. HP: 20/27 MP: 1/9
  1544 | D:2      | Noticed Robin
  1632 | D:2      | Killed Robin
  1926 | D:2      | Learned a level 3 spell: Dazzling Spray
  2370 | D:3      | Noticed ThereIsNoGod's ghost (weakling MiFi)
  3025 | D:3      | Slain by ThereIsNoGod's ghost

Vault maps used:
D:1:      roderic_octagonal_star, serial_park_tiny_1, grunt_decor_mini_mirrors,
          minmay_statues_item, minmay_misc_feat_x, serial_bayou_lagoon_a,
          minmay_newt_pond
D:2:      kennysheep_big_flooded_room, columned_hall_lemuel, uniq_robin
D:3:      ecumenical_altar_2, small_statue_alley_b, uniq_crazy_yiuf_cottage

Action                   |  1- 3 |  4- 6 || total
-------------------------+-------+-------++-------
Melee: Unarmed           |     7 |       ||     7
       Short sword       |    44 |    75 ||   119
 Cast: Magic Dart        |    39 |    30 ||    69
       Dazzling Spray    |       |     6 ||     6
       Searing Ray       |       |     2 ||     2
  Use: Scroll            |     4 |       ||     4
       Potion            |     3 |     3 ||     6
 Stab: Invisible         |     2 |       ||     2
       Sleeping          |     5 |     1 ||     6
  Eat: Chunk             |     2 |     3 ||     5
       Bread ration      |       |     1 ||     1
